 Dungeon Crawl Stone Soup version 0.23-a0-386-g9c9d49f (webtiles) character file.

254 lul123 the Slasher (level 5, 0/40 HPs)
             Began as a Demonspawn Gladiator on Oct 28, 2018.
             Killed by divine providence
             ... invoked by an orc priest
              (9 damage)
             ... on level 3 of the Dungeon.
             The game lasted 00:03:48 (2737 turns).

lul123 the Slasher (Demonspawn Gladiator)           Turns: 2737, Time: 00:03:49

Health: 0/40       AC:  4    Str: 12 (15) XL:     5   Next: 91%
Magic:  5/5        EV: 13    Int: 14 (15) God:
Gold:   112        SH:  0    Dex: 13 (15) Spells: 4/4 levels left

rFire    . . .     SeeInvis .   a - +0 long sword
rCold    . . .     Gourm    .   (no shield)
rNeg     . . .     Faith    .   b - +0 leather armour
rPois    .         Spirit   .   c - +0 helmet
rElec    .         Reflect  .   (no cloak)
rCorr    .         Harm     .   (no gloves)
MR       .....                  (no boots)
Stlth    +.........             (no amulet)
HPRegen  0.13/turn              g - +3 ring of intelligence
MPRegen  0.09/turn              h - +3 ring of intelligence

@: no status effects
A: talons 2
a: no special abilities


You were on level 3 of the Dungeon.
You were not hungry.

You visited 1 branch of the dungeon, and saw 3 of its levels.

You collected 112 gold pieces.

Inventory:

Hand Weapons
 a - a +0 long sword (weapon)
Missiles
 d - 3 throwing nets (quivered)
Armour
 b - a +0 leather armour (worn)
 c - a +0 helmet (worn)
Jewellery
 g - a +3 ring of intelligence (left hand)
 h - a +3 ring of intelligence (right hand)
 i - a cursed +3 ring of slaying {unknown}
Scrolls
 j - a scroll of amnesia
 l - a scroll of fog {unknown}
 m - 2 scrolls of teleportation {unknown}
Comestibles
 f - 5 rations
 n - 9 chunks of flesh


   Skills:
 + Level 2.8 Fighting
 + Level 4.6 Long Blades
 + Level 1.8 Throwing
 + Level 1.9 Armour
 + Level 3.3 Dodging
 + Level 1.2 Stealth


You had 4 spell levels left.
You didn't know any spells.
Your spell library was empty.

Dungeon Overview and Level Annotations

Branches:
Dungeon (3/15)

Altars:
Dithmenos
Xom
The Shining One


Innate Abilities, Weirdness & Mutations

You have razor-sharp toenails.


Message History

The orc priest invokes the aid of Beogh against you.
Beogh smites you!
You barely miss the orc priest. The orc priest hits you with a +0 club.
* * * LOW HITPOINT WARNING * * *
You hit the orc priest.
The orc priest is moderately wounded.
The orc priest hits you with a +0 club.
* * * LOW HITPOINT WARNING * * *
You barely miss the orc priest. Your kick misses the orc priest.
The orc priest is moderately wounded.
The orc priest barely misses you.
You hit the orc priest.
The orc priest is severely wounded.
The orc priest misses you.
You hit the orc priest but do no damage.
You claw the orc priest, but do no damage.
The orc priest is severely wounded.
The orc priest mumbles some strange prayers to Beogh against you.
Beogh smites you!
You die... ... ##.## #...# ... #....# oK.

#.##.# #. #o# #.##.# #.
#o# #.##.# #.##@##
#.##.# #.#..)## #.##.#
#......# #.##.# #......#
###.##.######..#.#......
#................#######
#.#.##.######..###
..#............######
.......######.........


You could see an orc priest, 2 orcs and a kobold.

Vanquished Creatures
  An orc wizard (D:3)
  Natasha (thrice) (D:2)
  4 adders (D:2)
  3 gnolls (D:2)
  A worm (D:2)
  2 dart slugs (D:2)
  3 leopard geckos
  12 orcs
  7 bats
  3 giant cockroaches (D:1)
  7 goblins
  4 hobgoblins
  6 jackals
  5 kobolds
  2 frilled lizards (D:2)
  4 rats
67 creatures vanquished.

Notes
Turn   | Place    | Note
-------+----------+-------------------------------------------
     0 | D:1      | lul123 the Demonspawn Gladiator began the quest for the
                  | Orb.
     0 | D:1      | Reached XP level 1. HP: 16/16 MP: 1/1
   181 | D:1      | Gained mutation: You have sharp toenails. [demonic
                  | ancestry]
   181 | D:1      | Reached XP level 2. HP: 20/22 MP: 2/2
   248 | D:1      | Reached skill level 3 in Long Blades
   895 | D:2      | Gained mutation: You have razor-sharp toenails. [demonic
                  | ancestry]
   895 | D:2      | Reached XP level 3. HP: 27/27 MP: 3/3
  1015 | D:2      | Found a shadowy altar of Dithmenos.
  1089 | D:2      | Found a shimmering altar of Xom.
  1089 | D:2      | Found a glowing golden altar of the Shining One.
  1093 | D:2      | Noticed Natasha
  1100 | D:2      | Killed Natasha
  1100 | D:2      | Reached XP level 4. HP: 34/34 MP: 4/4
  1235 | D:2      | Reached skill level 1 in Armour
  1251 | D:2      | Noticed Natasha
  1260 | D:2      | Killed Natasha
  1260 | D:2      | Reached skill level 4 in Long Blades
  1260 | D:2      | Reached skill level 1 in Stealth
  1432 | D:2      | Reached XP level 5. HP: 17/39 MP: 5/5
  1619 | D:2      | Noticed Natasha
  1638 | D:2      | Killed Natasha
  2737 | D:3      | Killed from afar by an orc priest

Vault maps used:
D:1:      scummos_arrival_hexagon, minmay_misc_feat_iff
D:2:      gammafunk_temple_overflow_wave, nicolae_dithmenos_shadow_blocks,
          first_ration, serial_co_window_serial, co_window_cross_1,
          co_window_cross_1, co_window_of_opportunity_a, co_window_cross_1,
          co_window_corner_a, co_window_corner_b, co_window_corner_cb,
          co_window_2corner, co_window_corner_b, co_window_4corner_b,
          glass_columns_b, glass_columns_b, minivault_14,
          chequers_serial_rivers_micro_e, minmay_misc_feat_alley, uniq_natasha
D:3:      led_sif_pool

Skill      XL: |  1  2  3  4 |
---------------+-------------+-----
Long Blades    | 3 4 |  4.6
Dodging        | 3 |  3.3
Armour         | 1 |  1.9
Stealth        | 1 |  1.2
Fighting       | |  2.8
Throwing       | |  1.8

Action                   |  1- 3 |  4- 6 || total
-------------------------+-------+-------++-------
Melee: Long sword        |    65 |   101 ||   166
       Kick              |    16 |    33 ||    49
  Use: Potion            |     2 |     2 ||     4
       Scroll            |       |     3 ||     3
 Stab: Sleeping          |     3 |     1 ||     4
       Invisible         |     2 |       ||     2
  Eat: Chunk             |       |     6 ||     6
Armor: Leather armour    |    15 |    14 ||    29
Dodge: Dodged            |    47 |    74 ||   121
       Rpst.: Long sword |    15 |    20 ||    35

Table legend:
 A = Non-vault XP
 B = Vault XP
 C = Vault XP percentage of total XP
 D = Non-vault monster count
 E = Vault monster count
 F = Vault count percentage of total count
                 A         B        C        D         E       F
            +---------+---------+-------+---------+---------+-------
      Total |     329 |      35 |   9.6 |      66 |       1 |   1.5
            +---------+---------+-------+---------+---------+-------
        D:1 |      39 |       0 |   0.0 |      22 |       0 |   0.0
        D:2 |     223 |      35 |  13.6 |      34 |       1 |   2.9
        D:3 |      67 |       0 |   0.0 |      10 |       0 |   0.0
            +---------+---------+-------+---------+---------+-------
